 Dungeon Crawl Stone Soup version 0.29.1-1-gd02db6906a (webtiles) character file.

Game seed: 6979297745054615374

1 sleeves the Vexing (level 1, 0/13 HPs)
             Began as a Mummy Enchanter on Sept 26, 2022.
             Slain by a giant cockroach (2 damage)
             ... on level 1 of the Dungeon.
             The game lasted 00:00:41 (81 turns).

sleeves the Vexing (Mummy Enchanter)                  Turns: 81, Time: 00:00:41

Health: 0/13       AC:  2    Str: 11    XL:     1   Next: 16%
Magic:  4/4        EV: 11    Int: 14    God:
Gold:   12         SH:  3    Dex: 12    Spells: 5/5 levels left

rFire   x . .      SeeInvis .   a - +1 dagger
rCold   + . .      Faith    .   e - +0 buckler
rNeg    + + +      Spirit   .   b - +0 robe
rPois   ∞          Reflect  .   (no helmet)
rElec   .          Harm     .   (no cloak)
rCorr   .          Rampage  .   (no gloves)
Will    .....                   (no boots)
Stlth   ++........              (no amulet)
HPRegen 0.04/turn               (no ring)
MPRegen 0.09/turn               (no ring)

@: no status effects
A: cold resistance 1, negative energy resistance 3, torment resistance 2, heat
vulnerability 1, no potions
a: no special abilities


You were on level 1 of the Dungeon.
You visited 1 branch of the dungeon, and saw 1 of its levels.

You collected 12 gold pieces.

Inventory:

Hand Weapons
 a - a +1 dagger (weapon)
Missiles
 d - 2 atropa-tipped darts (quivered)
Armour
 b - a +0 robe (worn)
 e - a +0 buckler (worn)
   (You found it on level 1 of the Dungeon)
 f - a +0 pair of gloves
   (You found it on level 1 of the Dungeon)
Magical Staves
 c - a staff of earth
   (You found it on level 1 of the Dungeon)


   Skills:
 - Level 0.7 Short Blades
 - Level 1.5 Dodging
 - Level 2.4 Stealth
 - Level 2.6 Spellcasting
 + Level 2.8 Hexes


You had 5 spell levels left.
You didn't know any spells.
Your spell library contained the following spells:

 Spells                   Type           Power      Damage    Failure   Level
 Ensorcelled Hibernation  Hex/Ice        10%        N/A       26%         2
 Confusing Touch          Hex            9%         N/A       28%         3
 Tukima's Dance           Hex            9%         N/A       28%         3
 Dazzling Flash           Conj/Hex       10%        N/A       45%         3


Dungeon Overview and Level Annotations

Branches:
Dungeon (1/15)

Altars:


Innate Abilities, Weirdness & Mutations

You are immune to poison.
Your flesh is cold resistant. (rC+)
You are immune to negative energy. (rN+++)
You are immune to unholy pain and torment.
You are vulnerable to heat. (rF-)
You do not drink.


Message History

Welcome, sleeves the Mummy Enchanter.
Will you be the one to retrieve the wondrous Orb of Zot from the depths?
Press ? for a list of commands and other information.
Found a staircase leading out of the dungeon.
Okay, then.
You don't know any spells.
Okay, then.
You open the door.
Found a buckler.
There is an open door here.
You now have 12 gold pieces.
Found a coppery potion.
Found 3 atropa-tipped darts.
You see here a staff of earth.
c - a staff of earth
d - 3 atropa-tipped darts You see here a +0 buckler.
e - a +0 buckler You start putting on your armour.
You continue putting on your +0 buckler. x4
You finish putting on your +0 buckler.
You open the door.
There is an open door here.
Found a sling.
f - a +0 pair of gloves A giant cockroach comes into view.
A giant cockroach is nearby!
You don't know any spells.
Okay, then.
You barely miss the giant cockroach. You block the giant cockroach's attack.
You barely miss the giant cockroach. The giant cockroach bites you.
The giant cockroach closely misses you.
You closely miss the giant cockroach.
The giant cockroach bites you but does no damage.
You barely miss the giant cockroach. The giant cockroach bites you.
You barely miss the giant cockroach. You block the giant cockroach's attack.
You hit the giant cockroach.
The giant cockroach is moderately wounded.
The giant cockroach closely misses you.
You barely miss the giant cockroach.
The giant cockroach is moderately wounded.
You block the giant cockroach's attack. The giant cockroach barely misses you.
You hit the giant cockroach but do no damage.
The giant cockroach is moderately wounded.
The giant cockroach bites you.
You hit the giant cockroach but do no damage.
The giant cockroach is moderately wounded.
The giant cockroach misses you.
You hit the giant cockroach but do no damage.
The giant cockroach is moderately wounded.
The giant cockroach bites you.
The giant cockroach bites you but does no damage.
You are too injured to fight recklessly!
You are too injured to fight recklessly!
You are too injured to fight recklessly!
You hit the giant cockroach but do no damage.
The giant cockroach is moderately wounded.
The giant cockroach barely misses you.
You hit the giant cockroach.
The giant cockroach is severely wounded.
The giant cockroach bites you.
* * * LOW HITPOINT WARNING * * *
You hit the giant cockroach.
You kill the giant cockroach!
A giant cockroach comes into view.
You see here a +0 sling.
Throw: 3 darts (atropa)
Press: ? - help, Q - select action Shift-Dir - straight line, f - giant cockroach
Aim: a giant cockroach (56% to hit, chance to blind on hit: 100%)
You throw an atropa-tipped dart.
The atropa-tipped dart hits the giant cockroach.
The giant cockroach appears confused.
The giant cockroach seems less confused.
You see here a +0 sling.
You hit the giant cockroach but do no damage.
The giant cockroach barely misses you.
You closely miss the giant cockroach. You block the giant cockroach's attack.
The giant cockroach completely misses you.
You closely miss the giant cockroach.
The giant cockroach is no longer blind.
The giant cockroach closely misses you.
You hit the giant cockroach but do no damage.
The giant cockroach bites you but does no damage.
You hit the giant cockroach.
The giant cockroach is moderately wounded.
The giant cockroach bites you.
* * * LOW HITPOINT WARNING * * *
You hit the giant cockroach but do no damage.
The giant cockroach is moderately wounded.
The giant cockroach bites you.
* * * LOW HITPOINT WARNING * * *
The giant cockroach bites you but does no damage.
You hit the giant cockroach.
The giant cockroach is almost dead.
The giant cockroach bites you but does no damage.
You barely miss the giant cockroach.
The giant cockroach is almost dead.
The giant cockroach bites you.
* * * LOW HITPOINT WARNING * * *
You closely miss the giant cockroach.
The giant cockroach is almost dead.
The giant cockroach closely misses you. The giant cockroach bites you.
You die...

######################
#...(B@........#.....#
#.#####.####.###.8.8.#
......†...# ##...8..#
..##.####.# ##...8.8.#
# #.###!.......#
#.##.⌠.⌠.###.#
#..#.....#.'.#
#..'..8..#<#.#
#.##.....#.+.#


You could see a giant cockroach.

Vanquished Creatures
  A giant cockroach (D:1)
1 creature vanquished.

Notes
Turn   | Place    | Note
-------+----------+-------------------------------------------
     0 | D:1      | sleeves the Mummy Enchanter began the quest for the Orb.
     0 | D:1      | Reached XP level 1. HP: 13/13 MP: 4/4
    66 | D:1      | HP: 6/13 [giant cockroach (2)]
    77 | D:1      | HP: 5/13 [giant cockroach (2)]
    80 | D:1      | HP: 2/13 [giant cockroach (2)]
    81 | D:1      | Slain by a giant cockroach

Illustrated notes

Levels and vault maps discovered:
D:1:      ncdulo_halloftheorcs, layout_loops_ring, ebering_ecumenical_altar_box

Action                   || total
-------------------------++-------
Melee: Dagger            ||    22
Throw: Dart              ||     1
Armor: Robe              ||     5
Dodge: Dodged            ||     9
Block: Buckler           ||     4
